 Dungeon Crawl Stone Soup version 0.30.0-20-g3615ddf2f0 (webtiles) character file.

Game seed: 17415166656679476144

29948 qw the Cleaver (level 13, -2/82 HPs)
             Began as a Gargoyle Fighter on May 27, 2023.
             Was an Elder of Okawaru.
             Slain by a death yak (19 damage)
             ... on level 5 of the Lair of Beasts.
             The game lasted 00:06:15 (10447 turns).

qw the Cleaver (Gargoyle Fighter)                  Turns: 10447, Time: 00:06:16

Health: -2/82      AC: 32    Str: 24    XL:     13   Next: 48%
Magic:  15/20      EV: 14    Int: 10    God:    Okawaru [****..]
Gold:   419        SH: 12    Dex:  9    Spells: 12/12 levels left

rFire   + . .        Y - +2 war axe (flame)
rCold   . . .        t - +0 kite shield
rNeg    + + .        r - +2 plate armour {rF+}
rPois   inf          j - +0 helmet "Uggaecso" {Rampage rN+}
rElec   +            (no cloak)
rCorr   .            b - +0 pair of gloves
SInv    +            q - +0 pair of boots
Will    .....        n - amulet of regeneration
Stlth   x              - +5 ring of evasion
HPRegen 1.13/turn    a - ring of see invisible
MPRegen 0.17/turn

%: rampage
@: about to teleport, heroic, finesse-ful
A: sickness immunity, AC +9, negative energy resistance 1, electricity
resistance, torment resistance 1, petrification resistance
a: Renounce Religion, Heroism, Finesse


You were on level 5 of the Lair of Beasts.
You worshipped Okawaru.
Okawaru was greatly pleased with you.
You visited 3 branches of the dungeon, and saw 14 of its levels.

You collected 749 gold pieces.
You spent 330 gold pieces at shops.


Innate Abilities, Weirdness & Mutations

You are immune to sickness and miasma.
Your stone body is resilient. (AC +9)
You are immune to poison.
You resist negative energy. (rN+)
You are resistant to electric shocks. (rElec)
You are resistant to unholy torment.
You are immune to petrification.


   Skills:
 - Level 10.0(15.0) Fighting
 + Level 12.3(17.3) Axes
 - Level 5.1(10.1) Throwing
 - Level 9.0(14.0) Armour
 - Level 2.2(7.2) Dodging
 - Level 10.9(15.9) Shields
 - Level 10.0 Invocations


You had 12 spell levels left.
You didn't know any spells.
Your spell library was empty.

Inventory:

Hand Weapons
 Y - a +2 war axe of flaming (weapon)
Missiles
 u - 4 boomerangs (quivered)
Armour
 b - a +0 pair of gloves (worn)
 j - the +0 helmet "Uggaecso" (worn) {Rampage rN+}
   (You acquired it on level 7 of the Dungeon)

   rN:        It protects you from negative energy.
   Rampage:   It bestows one free step when moving towards enemies.
 q - a +0 pair of boots (worn)
 r - a +2 plate armour of fire resistance (worn)
 t - a +0 kite shield (worn)
Jewellery
 a - a ring of see invisible (right hand)
 l - a +6 ring of strength
 n - an amulet of regeneration (around neck)
 p - a ring of protection from fire
 x - a +5 ring of evasion (left hand)
Scrolls
 g - 11 scrolls of teleportation
 m - 13 scrolls of identify
 w - a scroll of enchant armour {unknown}
Potions
 d - a potion of might
 e - a potion of attraction
 f - 6 potions of lignification
 h - a potion of magic
 i - 2 potions of cancellation
 k - a potion of resistance
 o - 6 potions of curing
 s - 2 potions of mutation

Dungeon Overview and Level Annotations

Branches:
Dungeon (8/15)             Temple (1/1) D:4            Lair (5/5) D:8
  Swamp (0/4) Lair:3        Snake (0/4) Lair:3        Slime (0/5) Lair:4

Altars:
Ashenzari
Cheibriados
Dithmenos
Elyvilon
Fedhas
Gozag
Hepliaklqana
Kikubaaqudgha
Makhleb
Nemelex Xobeh
Okawaru
Qazlal
Ru
Sif Muna
Uskayaw
Vehumet
Xom
Yredelemnul
Zin
The Shining One

Shops:
D:4 !!?   D:5 :   D:6 [   D:8 =(=[!


Message History

You hit the elephant but do no damage.
The elephant is almost dead.
You hit the basilisk. You burn the basilisk. You slash the death yak!
You burn the death yak. The basilisk completely misses you.
You block the death yak's attack. You block the elephant's attack. x2
You slice the elephant!! You burn the elephant.
You kill the elephant!
Okawaru accepts your kill.
You miss the basilisk. You barely miss the death yak.
You block the basilisk's attack. The death yak gores you!
You hit the death yak. You burn the death yak.
The death yak is severely wounded.
You slash the basilisk! You burn the basilisk. The basilisk gazes at you.
You easily resist.
The death yak misses you.
You slash the basilisk! You burn the basilisk.
You kill the basilisk!
Okawaru accepts your kill.
You can now enter into single combat with a foe.
Okawaru will now gift you equipment as you gain piety.
You hit the death yak but do no damage.
10443 ||| INVOKING Finesse.
You can now deal lightning-fast blows.
You can no longer enter into single combat with a foe.
Okawaru will no longer gift you equipment.
The death yak gores you!
You hit the death yak but do no damage.
The death yak is severely wounded.
You block the death yak's attack.
You hit the death yak. You burn the death yak.
The death yak is severely wounded.
You hit the death yak but do no damage.
The death yak is severely wounded.
The death yak gores you!
10447 ||| READING 12 scrolls of teleportation.
As you read the scroll of teleportation, it crumbles to dust.
You feel strangely unstable. The death yak gores you!!
You die...

##.#. .#. #... #.#..
#.##..........
....##.............
..#....#..........
###...............#
#................ #
####...%.........
.###.P#...%<%.....##
..#.............@..# .
......#........Y.%.# ...
....###.....###.%%#####.l..
.....##.....###.........P.#
....................((.Yl..
.......##....##....####.$..
#.P...####..####....# .P
#)#P... ##...##.....#
..##..###...####..P##


You could see a death yak.

Vanquished Creatures
  Gastronok (D:8)
  A hydra (Lair:1)
  Erica (Lair:2)
  3 death yaks (Lair:5)
  A skyshark (Lair:2)
  Pikel (D:8)
  2 black mambas
  7 elephants
  7 cane toads
  A rime drake (Lair:1)
  7 komodo dragons
  2 hornets
  2 tyrant leeches (Lair:3)
  Grinder (D:6)
  22 blink frogs
  35 yaks
  5 wyverns
  3 basilisks
  4 nagas (Lair:3)
  A swamp worm (Lair:3)
  Menkaure (D:7)
  10 water moccasins
  4 sky beasts
  3 orc warriors
  7 black bears
  An ice beast (D:8)
  3 ogres
  7 wolves (Lair:2)
  4 lemures (D:8)
  A centaur (D:8)
  A kobold brigand (D:8)
  2 phantoms
  11 bullfrogs
  A scorpion (D:5)
  5 wights (D:7)
  8 killer bees
  2 electric eels (Lair:2)
  A howler monkey (D:8)
  4 hounds
  9 jellies
  3 orc priests
  2 gnoll boudas
  An iguana (D:6)
  A sleepcap (D:7)
  An orc wizard (D:8)
  12 gnolls
  8 adders
  3 white imps
  2 ufetubi
  3 dart slugs
  28 orcs
  7 ball pythons
  4 bats
  7 endoplasms
  8 giant cockroaches
  7 goblins
  3 hobgoblins
  7 jackals (D:3)
  3 quokkas
  A frilled lizard (D:2)
  7 kobolds
  8 rats
318 creatures vanquished.

Notes
Turn   | Place    | Note
-------+----------+-------------------------------------------
     0 | D:1      | qw the Gargoyle Fighter began the quest for the Orb.
     0 | D:1      | Reached XP level 1. HP: 14/14 MP: 1/1
     0 | D:1      | 0 ||| qw: Version: 0.2-a-99-gce666ed
     0 | D:1      | 0 ||| qw: Game counter: 119
     0 | D:1      | 0 ||| qw: Always use a shield: true
     0 | D:1      | 0 ||| qw: God list: Okawaru
     0 | D:1      | 0 ||| qw: Allow faded altars: false
     0 | D:1      | 0 ||| qw: Do Orc after D:15 true
     0 | D:1      | 0 ||| qw: Do second Lair branch before Depths: true
     0 | D:1      | 0 ||| qw: Lair rune preference: random
     0 | D:1      | 0 ||| qw: Plans: Normal, Zot:1-4, God:TSO, Crypt, Tomb,
                  | Pan, Slime:5, Hells, Abyss, Win
     0 | D:1      | 0 ||| PLANNING D:1-11
    21 | D:1      | Reached skill level 2 in Axes
   106 | D:1      | Reached XP level 2. HP: 19/19 MP: 2/2
   747 | D:1      | 747 ||| READING scroll labelled YLYEPLA OTEMEM.
   748 | D:1      | 748 ||| READING 2 scrolls labelled GOQIG XIUS FYE.
   752 | D:1      | 752 ||| READING scroll labelled NIF KYVEACSASK.
   753 | D:1      | 753 ||| READING scroll labelled TIFISCHEYCYS.
   753 | D:1      | Identified a scroll of acquirement
   753 | D:1      | 753 ||| ACQUIRING +2 eveningstar of draining
   753 | D:1      | Acquired a +2 eveningstar of draining
   975 | D:2      | 975 ||| Stepping ~*~*~tactically~*~*~ (stealth).
   984 | D:2      | Reached skill level 3 in Axes
  1055 | D:2      | Reached XP level 3. HP: 23/23 MP: 3/3
  1264 | D:2      | 1264 ||| UPGRADING to +0 chain mail.
  1274 | D:2      | 1274 ||| DROPPING +0 scale mail.
  1275 | D:2      | 1275 ||| UPGRADING to amulet of regeneration.
  1280 | D:2      | 1280 ||| DROPPING ring of wizardry.
  1281 | D:2      | 1281 ||| READING 2 scrolls labelled VUEPHA APUA.
  1282 | D:2      | 1282 ||| READING scroll labelled DIGASIR UCAOM.
  1283 | D:2      | 1283 ||| DRINKING 3 yellow potions.
  1332 | D:2      | 1332 ||| DROPPING scroll of blinking.
  1340 | D:3      | 1340 ||| Stepping ~*~*~tactically~*~*~ (stealth).
  1430 | D:3      | Reached XP level 4. HP: 28/28 MP: 4/4
  1742 | D:3      | Reached skill level 4 in Axes
  1901 | D:3      | 1901 ||| UPGRADING to +0 pair of boots.
  1906 | D:3      | 1906 ||| UPGRADING to ring of willpower.
  1907 | D:3      | 1907 ||| READING 3 scrolls labelled SORCHU NUSUHOR.
  1908 | D:3      | 1908 ||| READING scroll labelled NITYDO QORINKU.
  1909 | D:3      | 1909 ||| READING 4 scrolls of identify.
  1909 | D:3      | 1909 ||| IDENTIFYING pink potion
  1910 | D:3      | 1910 ||| READING 3 scrolls of identify.
  1910 | D:3      | 1910 ||| IDENTIFYING fizzy purple potion
  1911 | D:3      | 1911 ||| READING 2 scrolls of identify.
  1911 | D:3      | 1911 ||| IDENTIFYING viscous yellow potion
  1912 | D:3      | 1912 ||| DROPPING potion of flight.
  1913 | D:3      | 1913 ||| DROPPING potion of ambrosia.
  1914 | D:3      | 1914 ||| DROPPING 2 scrolls of amnesia.
  2047 | D:4      | Reached XP level 5. HP: 32/32 MP: 5/5
  2100 | D:4      | Reached skill level 5 in Axes
  2146 | D:4      | 2146 ||| Stepping ~*~*~tactically~*~*~ (hiding).
  2149 | D:4      | 2149 ||| Stepping ~*~*~tactically~*~*~ (hiding).
  2305 | D:4      | Identified the +2 robe of Ovvoxuum {Stlth+}
  2314 | D:4      | 2314 ||| Stepping ~*~*~tactically~*~*~ (stealth).
  2316 | D:4      | 2316 ||| Stepping ~*~*~tactically~*~*~ (stealth).
  2342 | D:4      | 2342 ||| Stepping ~*~*~tactically~*~*~ (stealth).
  2351 | D:4      | 2351 ||| Stepping ~*~*~tactically~*~*~ (stealth).
  2461 | D:4      | Reached XP level 6. HP: 38/38 MP: 6/6
  2757 | D:4      | 2757 ||| Stepping ~*~*~tactically~*~*~ (stealth).
  2788 | D:4      | Found a snail-covered altar of Cheibriados.
  2815 | D:4      | Found Zyoduuni's Distillery.
  2849 | D:4      | Found a staircase to the Ecumenical Temple.
  2850 | D:4      | 2850 ||| PLANNING TEMPLE
  2850 | D:4      | 2850 ||| UPGRADING to +0 pair of gloves.
  2855 | D:4      | 2855 ||| READING scroll labelled SEAJUP TYAMM.
  2856 | D:4      | 2856 ||| READING 2 scrolls of identify.
  2856 | D:4      | 2856 ||| IDENTIFYING ruby potion
  2865 | Temple   | Entered the Ecumenical Temple
  2875 | Temple   | 2875 ||| PLANNING OKAWARU WORSHIP
  2880 | Temple   | Became a worshipper of Warmaster Okawaru
  2880 | Temple   | 2880 ||| PLANNING D:1-11
  2910 | D:4      | 2910 ||| Stepping ~*~*~tactically~*~*~ (stealth).
  2911 | D:4      | 2911 ||| Stepping ~*~*~tactically~*~*~ (stealth).
  2913 | D:4      | Found Huhufoc's Magic Scroll Shop.
  2914 | D:4      | 2914 ||| Stepping ~*~*~tactically~*~*~ (stealth).
  2915 | D:4      | Found Ybaz's Distillery.
  2921 | D:4      | 2921 ||| BUYING scroll of identify (22 gold).
  2921 | D:4      | Bought a scroll of identify for 22 gold pieces
  2921 | D:4      | 2921 ||| BUYING scroll of identify (22 gold).
  2921 | D:4      | Bought a scroll of identify for 22 gold pieces
  2921 | D:4      | 2921 ||| BUYING scroll of identify (22 gold).
  2921 | D:4      | Bought a scroll of identify for 22 gold pieces
  2921 | D:4      | 2921 ||| BUYING scroll of identify (22 gold).
  2921 | D:4      | Bought a scroll of identify for 22 gold pieces
  2921 | D:4      | 2921 ||| BUYING scroll of identify (22 gold).
  2921 | D:4      | Bought a scroll of identify for 22 gold pieces
  2921 | D:4      | 2921 ||| BUYING scroll of identify (22 gold).
  2921 | D:4      | Bought a scroll of identify for 22 gold pieces
  2963 | D:4      | 2963 ||| SHOPLISTING 3 potions of attraction (90 gold, have
                  | 37).
  2963 | D:4      | 2963 ||| BUYING potion of curing (30 gold).
  2963 | D:4      | Bought a potion of curing for 30 gold pieces
  2963 | D:4      | 2963 ||| SHOPLISTING potion of haste (100 gold, have 7).
  2963 | D:4      | 2963 ||| SHOPLISTING potion of mutation (80 gold, have 7).
  2965 | D:4      | 2965 ||| SHOPLISTING potion of attraction (39 gold, have
                  | 7).
  2965 | D:4      | 2965 ||| SHOPLISTING potion of curing (39 gold, have 7).
  2965 | D:4      | 2965 ||| SHOPLISTING potion of resistance (130 gold, have
                  | 7).
  3082 | D:4      | 3082 ||| UPGRADING to +0 helmet.
  3087 | D:4      | 3087 ||| DRINKING 2 murky black potions.
  3088 | D:4      | 3088 ||| READING 8 scrolls of identify.
  3088 | D:4      | 3088 ||| IDENTIFYING brown potion
  3089 | D:4      | 3089 ||| DROPPING potion of degeneration.
  3090 | D:4      | 3090 ||| DROPPING potion of brilliance.
  3118 | D:5      | Entered Level 5 of the Dungeon
  3118 | D:5      | Found Tubeupau's Book Shoppe.
  3125 | D:5      | Reached skill level 6 in Axes
  3251 | D:5      | Found a shadowy altar of Dithmenos.
  3298 | D:5      | Reached XP level 7. HP: 43/43 MP: 7/7
  3369 | D:5      | 3369 ||| FLEEEEING.
  3370 | D:5      | 3370 ||| FLEEEEING.
  3371 | D:5      | 3371 ||| FLEEEEING.
  3372 | D:5      | 3372 ||| FLEEEEING.
  3373 | D:5      | 3373 ||| FLEEEEING.
  3374 | D:5      | 3374 ||| FLEEEEING.
  3375 | D:5      | 3375 ||| FLEEEEING.
  3376 | D:5      | 3376 ||| FLEEEEING.
  3379 | D:5      | 3379 ||| Stepping ~*~*~tactically~*~*~ (hiding).
  3512 | D:5      | Reached * piety under Okawaru
  3513 | D:5      | Reached skill level 7 in Axes
  3513 | D:5      | 3513 ||| FLEEEEING.
  3514 | D:5      | 3514 ||| FLEEEEING.
  3515 | D:5      | 3515 ||| FLEEEEING.
  3516 | D:5      | 3516 ||| FLEEEEING.
  3517 | D:5      | 3517 ||| FLEEEEING.
  3518 | D:5      | 3518 ||| FLEEEEING.
  3519 | D:5      | 3519 ||| FLEEEEING.
  3520 | D:5      | 3520 ||| FLEEEEING.
  3521 | D:5      | 3521 ||| FLEEEEING.
  3522 | D:5      | 3522 ||| FLEEEEING.
  3523 | D:5      | 3523 ||| FLEEEEING.
  3524 | D:5      | 3524 ||| FLEEEEING.
  3586 | D:5      | 3586 ||| Stepping ~*~*~tactically~*~*~ (stealth).
  3600 | D:5      | Reached skill level 1 in Invocations
  3871 | D:5      | 3871 ||| READING scroll labelled HUTEAQI MUTOO.
  3872 | D:5      | 3872 ||| READING 8 scrolls of identify.
  3872 | D:5      | 3872 ||| IDENTIFYING metallic clear potion
  3909 | D:6      | 3909 ||| STAIRDANCE
  3924 | D:6      | Noticed Grinder
  3925 | D:6      | 3925 ||| INVOKING Heroism.
  3935 | D:6      | 3935 ||| INVOKING Heroism.
  3939 | D:6      | Killed Grinder
  3940 | D:6      | Reached skill level 6 in Fighting
  3940 | D:6      | Reached XP level 8. HP: 48/51 MP: 6/9
  4007 | D:6      | Reached skill level 1 in Dodging
  4018 | D:6      | 4018 ||| INVOKING Heroism.
  4064 | D:6      | Found a shimmering blue altar of Sif Muna.
  4093 | D:6      | Reached skill level 3 in Invocations
  4149 | D:6      | 4149 ||| INVOKING Heroism.
  4172 | D:6      | 4172 ||| Stepping ~*~*~tactically~*~*~ (stealth).
  4214 | D:6      | 4214 ||| INVOKING Heroism.
  4250 | D:6      | 4250 ||| INVOKING Heroism.
  4255 | D:6      | Reached skill level 8 in Axes
  4276 | D:6      | Found Losara's Antique Armour Boutique.
  4292 | D:6      | 4292 ||| SHOPLISTING glowing chain mail (180 gold, have
                  | 82).
  4307 | D:6      | Found an opulent altar of Gozag.
  4407 | D:6      | Reached ** piety under Okawaru
  4408 | D:6      | Reached XP level 9. HP: 55/55 MP: 12/12
  4441 | D:6      | 4441 ||| Stepping ~*~*~tactically~*~*~ (hiding).
  4483 | D:6      | 4483 ||| READING scroll of brand weapon.
  4483 | D:6      | 4483 ||| BRANDING +1 heavy war axe.
  4484 | D:6      | 4484 ||| DROPPING +2 eveningstar of draining.
  4671 | D:6      | 4671 ||| DROPPING scarf of harm.
  4672 | D:6      | 4672 ||| UPGRADING to +0 plate armour.
  4682 | D:6      | 4682 ||| DROPPING +0 chain mail.
  4683 | D:6      | 4683 ||| UPGRADING to +0 kite shield.
  4693 | D:6      | 4693 ||| DROPPING +0 buckler.
  4694 | D:6      | 4694 ||| READING scroll labelled VOJIDI VOGU.
  4822 | D:7      | 4822 ||| INVOKING Heroism.
  4850 | D:7      | 4850 ||| Stepping ~*~*~tactically~*~*~ (stealth).
  4875 | D:7      | Noticed Menkaure
  4876 | D:7      | 4876 ||| Stepping ~*~*~tactically~*~*~ (hiding).
  4877 | D:7      | 4877 ||| Stepping ~*~*~tactically~*~*~ (hiding).
  4880 | D:7      | 4880 ||| Stepping ~*~*~tactically~*~*~ (hiding).
  4884 | D:7      | 4884 ||| INVOKING Heroism.
  4888 | D:7      | Killed Menkaure
  4918 | D:7      | Noticed a hornet
  4926 | D:7      | 4926 ||| INVOKING Heroism.
  4933 | D:7      | Killed a hornet
  4934 | D:7      | Reached skill level 6 in Shields
  5022 | D:7      | 5022 ||| Stepping ~*~*~tactically~*~*~ (stealth).
  5023 | D:7      | 5023 ||| INVOKING Heroism.
  5102 | D:7      | 5102 ||| INVOKING Heroism.
  5107 | D:7      | Reached skill level 1 in Throwing
  5111 | D:7      | 5111 ||| Stepping ~*~*~tactically~*~*~ (stealth).
  5184 | D:7      | 5184 ||| Stepping ~*~*~tactically~*~*~ (hiding).
  5187 | D:7      | 5187 ||| Stepping ~*~*~tactically~*~*~ (stealth).
  5188 | D:7      | 5188 ||| Stepping ~*~*~tactically~*~*~ (stealth).
  5239 | D:7      | 5239 ||| Stepping ~*~*~tactically~*~*~ (stealth).
  5240 | D:7      | 5240 ||| Stepping ~*~*~tactically~*~*~ (stealth).
  5241 | D:7      | 5241 ||| Stepping ~*~*~tactically~*~*~ (stealth).
  5312 | D:7      | 5312 ||| READING scroll of acquirement.
  5312 | D:7      | 5312 ||| ACQUIRING +0 helmet "Uggaecso" {Rampage rN+}
  5312 | D:7      | Acquired the +0 helmet "Uggaecso" {Rampage rN+}
  5314 | D:7      | 5314 ||| UPGRADING to +0 helmet "Uggaecso" {Rampage rN+}.
  5324 | D:7      | 5324 ||| DROPPING +0 helmet.
  5373 | D:7      | 5373 ||| READING scroll labelled WAQAFRADUEW.
  5374 | D:7      | 5374 ||| READING scroll labelled TUAVAR BITIO.
  5375 | D:7      | 5375 ||| READING 10 scrolls of identify.
  5375 | D:7      | 5375 ||| IDENTIFYING clear potion
  5390 | D:8      | Found Fesikuc's Distillery.
  5394 | D:8      | 5394 ||| BUYING 2 potions of lignification (84 gold).
  5394 | D:8      | Bought 2 potions of lignification for 84 gold pieces
  5394 | D:8      | 5394 ||| BUYING potion of curing (42 gold).
  5394 | D:8      | Bought a potion of curing for 42 gold pieces
  5394 | D:8      | 5394 ||| BUYING potion of curing (42 gold).
  5394 | D:8      | Bought a potion of curing for 42 gold pieces
  5394 | D:8      | 5394 ||| SHOPLISTING potion of haste (140 gold, have 7).
  5394 | D:8      | 5394 ||| SHOPLISTING potion of lignification (42 gold, have
                  | 7).
  5446 | D:8      | Found Kudiciox's Jewellery Boutique.
  5460 | D:8      | 5460 ||| INVOKING Heroism.
  5467 | D:8      | Reached XP level 10. HP: 29/60 MP: 10/13
  5471 | D:8      | Reached skill level 9 in Axes
  5503 | D:8      | 5503 ||| SHOPLISTING +4 ring of protection (540 gold, have
                  | 38).
  5503 | D:8      | 5503 ||| SHOPLISTING amulet of reflection (450 gold, have
                  | 38).
  5503 | D:8      | 5503 ||| SHOPLISTING ring of ice (375 gold, have 38).
  5503 | D:8      | 5503 ||| SHOPLISTING ring of protection from cold (375
                  | gold, have 38).
  5503 | D:8      | 5503 ||| SHOPLISTING ring of see invisible (225 gold, have
                  | 38).
  5507 | D:8      | 5507 ||| Stepping ~*~*~tactically~*~*~ (hiding).
  5508 | D:8      | 5508 ||| Stepping ~*~*~tactically~*~*~ (hiding).
  5509 | D:8      | 5509 ||| Stepping ~*~*~tactically~*~*~ (hiding).
  5512 | D:8      | 5512 ||| INVOKING Heroism.
  5527 | D:8      | 5527 ||| Stepping ~*~*~tactically~*~*~ (hiding).
  5529 | D:8      | 5529 ||| INVOKING Heroism.
  5536 | D:8      | Reached skill level 6 in Armour
  5564 | D:8      | Noticed Pikel
  5593 | D:8      | Killed Pikel
  5593 | D:8      | Reached *** piety under Okawaru
  5622 | D:8      | Found Ekuom's Weapon Shoppe.
  5632 | D:8      | 5632 ||| Stepping ~*~*~tactically~*~*~ (hiding).
  5652 | D:8      | 5652 ||| Stepping ~*~*~tactically~*~*~ (stealth).
  5660 | D:8      | Received a gift from Okawaru
  5662 | D:8      | Found a radiant altar of Vehumet.
  5732 | D:8      | Found Hogaapnu's Antique Armour Emporium.
  5734 | D:8      | Found a staircase to the Lair.
  5740 | D:8      | 5740 ||| FLEEEEING.
  5741 | D:8      | 5741 ||| FLEEEEING.
  5742 | D:8      | 5742 ||| FLEEEEING.
  5743 | D:8      | 5743 ||| FLEEEEING.
  5744 | D:8      | 5744 ||| FLEEEEING.
  5745 | D:8      | 5745 ||| INVOKING Heroism.
  5746 | D:8      | 5746 ||| Stepping ~*~*~tactically~*~*~ (hiding).
  5778 | D:8      | 5778 ||| SHOPLISTING amber-encrusted chain mail (323 gold,
                  | have 63).
  5778 | D:8      | 5778 ||| SHOPLISTING runed helmet (255 gold, have 63).
  5778 | D:8      | 5778 ||| SHOPLISTING runed tower shield (255 gold, have
                  | 63).
  5788 | D:8      | Noticed Gastronok
  5789 | D:8      | 5789 ||| INVOKING Heroism.
  5804 | D:8      | Killed Gastronok
  6010 | D:8      | Found Qucos's Jewellery Shop.
  6016 | D:8      | 6016 ||| SHOPLISTING ring of Freedom {rN+ rCorr Str+5} (458
                  | gold, have 63).
  6016 | D:8      | 6016 ||| SHOPLISTING ring of protection from fire (275
                  | gold, have 63).
  6016 | D:8      | 6016 ||| SHOPLISTING ring of see invisible (165 gold, have
                  | 63).
  6180 | D:8      | 6180 ||| PLANNING LAIR
  6180 | D:8      | 6180 ||| UPGRADING to +2 plate armour of fire resistance.
  6190 | D:8      | 6190 ||| DROPPING +0 plate armour.
  6191 | D:8      | 6191 ||| UPGRADING to ring of see invisible.
  6192 | D:8      | 6192 ||| READING 10 scrolls of identify.
  6192 | D:8      | 6192 ||| IDENTIFYING sedimented green potion
  6235 | Lair:1   | Entered Level 1 of the Lair of Beasts
  6298 | Lair:1   | 6298 ||| Stepping ~*~*~tactically~*~*~ (stealth).
  6301 | Lair:1   | 6301 ||| Stepping ~*~*~tactically~*~*~ (stealth).
  6303 | Lair:1   | 6303 ||| Stepping ~*~*~tactically~*~*~ (stealth).
  6305 | Lair:1   | 6305 ||| INVOKING Heroism.
  6308 | Lair:1   | Reached skill level 9 in Shields
  6308 | Lair:1   | Reached XP level 11. HP: 67/67 MP: 11/14
  6407 | Lair:1   | 6407 ||| Stepping ~*~*~tactically~*~*~ (stealth).
  6409 | Lair:1   | 6409 ||| INVOKING Heroism.
  6422 | Lair:1   | 6422 ||| Stepping ~*~*~tactically~*~*~ (stealth).
  6427 | Lair:1   | Reached skill level 10 in Axes
  6433 | Lair:1   | 6433 ||| Stepping ~*~*~tactically~*~*~ (stealth).
  6434 | Lair:1   | 6434 ||| Stepping ~*~*~tactically~*~*~ (stealth).
  6443 | Lair:1   | 6443 ||| INVOKING Heroism.
  6447 | Lair:1   | Reached **** piety under Okawaru
  6514 | Lair:1   | 6514 ||| READING scroll of enchant weapon.
  6514 | Lair:1   | 6514 ||| ENCHANTING +1 war axe of flaming.
  6562 | Lair:1   | 6562 ||| INVOKING Heroism.
  6629 | Lair:1   | Noticed a five-headed hydra
  6631 | Lair:1   | 6631 ||| INVOKING Heroism.
  6637 | Lair:1   | Killed a one-headed hydra
  6779 | Lair:1   | 6779 ||| INVOKING Heroism.
  6783 | Lair:1   | 6783 ||| Stepping ~*~*~tactically~*~*~ (hiding).
  6784 | Lair:1   | 6784 ||| Stepping ~*~*~tactically~*~*~ (hiding).
  6935 | Lair:2   | 6935 ||| INVOKING Heroism.
  6938 | Lair:2   | Received a gift from Okawaru
  6977 | Lair:2   | 6977 ||| INVOKING Heroism.
  6984 | Lair:2   | Reached skill level 6 in Invocations
  7056 | Lair:2   | 7056 ||| INVOKING Heroism.
  7192 | Lair:2   | 7192 ||| FLEEEEING.
  7193 | Lair:2   | 7193 ||| FLEEEEING.
  7194 | Lair:2   | 7194 ||| FLEEEEING.
  7195 | Lair:2   | 7195 ||| FLEEEEING.
  7196 | Lair:2   | 7196 ||| FLEEEEING.
  7205 | Lair:2   | 7205 ||| INVOKING Heroism.
  7207 | Lair:2   | Reached skill level 11 in Axes
  7322 | Lair:2   | Noticed Erica
  7323 | Lair:2   | 7323 ||| Stepping ~*~*~tactically~*~*~ (hiding).
  7327 | Lair:2   | 7327 ||| INVOKING Heroism.
  7333 | Lair:2   | Killed Erica
  7334 | Lair:2   | Reached XP level 12. HP: 75/75 MP: 14/17
  7368 | Lair:2   | 7368 ||| INVOKING Heroism.
  7383 | Lair:2   | 7383 ||| Stepping ~*~*~tactically~*~*~ (stealth).
  7386 | Lair:2   | 7386 ||| Stepping ~*~*~tactically~*~*~ (stealth).
  7387 | Lair:2   | 7387 ||| Stepping ~*~*~tactically~*~*~ (stealth).
  7402 | Lair:2   | 7402 ||| INVOKING Heroism.
  7521 | Lair:2   | 7521 ||| Stepping ~*~*~tactically~*~*~ (stealth).
  7523 | Lair:2   | 7523 ||| Stepping ~*~*~tactically~*~*~ (stealth).
  7550 | Lair:2   | 7550 ||| INVOKING Heroism.
  7608 | Lair:2   | 7608 ||| INVOKING Heroism.
  7635 | Lair:2   | 7635 ||| Stepping ~*~*~tactically~*~*~ (stealth).
  7640 | Lair:2   | 7640 ||| Stepping ~*~*~tactically~*~*~ (stealth).
  7719 | Lair:2   | 7719 ||| INVOKING Heroism.
  7719 | Lair:2   | Noticed a skyshark
  7752 | Lair:2   | Killed a skyshark
  7868 | Lair:2   | Reached skill level 9 in Fighting
  7889 | Lair:2   | Received a gift from Okawaru
  8092 | Lair:2   | 8092 ||| INVOKING Heroism.
  8154 | Lair:2   | 8154 ||| UPGRADING to +6 ring of strength.
  8156 | Lair:2   | 8156 ||| UPGRADING to +5 ring of evasion.
  8158 | Lair:2   | 8158 ||| DROPPING ring of willpower.
  8159 | Lair:2   | 8159 ||| READING scroll labelled XIRRAUCZYE.
  8246 | Lair:3   | Found a frozen archway.
  8275 | Lair:3   | 8275 ||| Stepping ~*~*~tactically~*~*~ (hiding).
  8284 | Lair:3   | Found a staircase to the Snake Pit.
  8412 | Lair:3   | 8412 ||| INVOKING Heroism.
  8421 | Lair:3   | Reached skill level 9 in Invocations
  8451 | Lair:3   | 8451 ||| Stepping ~*~*~tactically~*~*~ (hiding).
  8467 | Lair:3   | Found a staircase to the Swamp.
  9227 | Lair:4   | 9227 ||| INVOKING Heroism.
  9273 | Lair:4   | Received a gift from Okawaru
  9303 | Lair:4   | 9303 ||| Stepping ~*~*~tactically~*~*~ (stealth).
  9305 | Lair:4   | 9305 ||| Stepping ~*~*~tactically~*~*~ (stealth).
  9331 | Lair:4   | Reached skill level 12 in Axes
  9333 | Lair:4   | Reached XP level 13. HP: 75/80 MP: 20/20
  9340 | Lair:4   | Received a gift from Okawaru
  9423 | Lair:4   | Reached skill level 9 in Armour
  9497 | Lair:4   | 9497 ||| Stepping ~*~*~tactically~*~*~ (stealth).
  9499 | Lair:4   | 9499 ||| INVOKING Heroism.
  9540 | Lair:4   | 9540 ||| INVOKING Heroism.
  9589 | Lair:4   | Received a gift from Okawaru
  9629 | Lair:4   | 9629 ||| INVOKING Heroism.
  9811 | Lair:4   | Found a staircase to the Slime Pits.
 10345 | Lair:5   | Entered Level 5 of the Lair of Beasts
 10357 | Lair:5   | Received a gift from Okawaru
 10409 | Lair:5   | 10409 ||| INVOKING Heroism.
 10410 | Lair:5   | 10410 ||| Stepping ~*~*~tactically~*~*~ (stealth).
 10411 | Lair:5   | 10411 ||| Stepping ~*~*~tactically~*~*~ (stealth).
 10413 | Lair:5   | 10413 ||| Stepping ~*~*~tactically~*~*~ (stealth).
 10442 | Lair:5   | Reached ***** piety under Okawaru
 10443 | Lair:5   | 10443 ||| INVOKING Finesse.
 10446 | Lair:5   | HP: 16/82 [death yak (8)]
 10447 | Lair:5   | 10447 ||| READING 12 scrolls of teleportation.
 10447 | Lair:5   | Slain by a death yak

Levels and vault maps discovered:
D:1:      nzn_arrival_water_spiral, layout_loops_ring, amcnicky_mini_pool_small
D:2:      layout_basic
D:3:      layout_basic, chequers_mini_garden, st_stairs_1
D:4:      wad_river_or_something, layout_basic, mainiacjoe_overflow_catwalk,
          minmay_temple_entry_enclosed_plants, serial_aquarium,
          aquarium_bridge_straight [aquarium_subvault_bridge,
          aquarium_subvault_window, aquarium_subvault_bridge,
          aquarium_subvault_window], aquarium_bridge_long_joined
          [aquarium_subvault_bridge, aquarium_subvault_bridge,
          aquarium_subvault_window, aquarium_subvault_bridge,
          aquarium_subvault_window, aquarium_subvault_bridge],
          aquarium_window_corridor_3, aquarium_window_fake, aquarium_window_1,
          aquarium_window_1, aquarium_view_2a, aquarium_balcony_double_1,
          minmay_misc_feat_enclosed, st_stairs_2, nicolae_wooded_promenade
D:5:      layout_cave_pools, grunt_dithmenos_smoke, serial_shops,
          nicolae_shop_advertising_works [nicolae_subvault_shop_adworks],
          minmay_misc_feat_tower, chequers_serial_rivers_large_b, minivault_11
D:6:      layout_gridville, nicolae_gozag_cash_rules_everything_around_me,
          mainiacjoe_overflow_small_starburst, serial_shops, shop, uniq_grinder
D:7:      layout_rooms, uniq_menkaure
D:8:      layout_loops_ring, vehumet_altar_wand_db, serial_shops,
          nicolae_shop_hallway_stairs, shop, nicolae_shop_gaudy_bauble,
          nicolae_shop_bloodbath_and_beyond, nicolae_shop_tiny_statue_garden,
          dreamdust_princess_corridor, minmay_circle_x, uniq_gastronok,
          uniq_pikel
Temple:   hellmonk_temple_two_chambers
Lair:1:   layout_long_grid, beast_lair_carwin_10
Lair:2:   hellmonk_destroyed_diamonds, layout_long_grid,
          amcnicky_mini_pool_medium, uniq_erica
Lair:3:   layout_cave_pods, minmay_swamp_entry_worms,
          minmay_snake_entry_guardpost_small, serial_rivers,
          chequers_serial_rivers_small_3, chequers_serial_rivers_micro_b,
          chequers_serial_rivers_micro_a, chequers_serial_rivers_room_a,
          chequers_serial_rivers_micro_c, portal_ice_cave_entry_pillars_1
Lair:4:   layout_layer_cave, slime_entry_1, grunt_megastairs_3
Lair:5:   hangedman_lair_caniforms_friends, layout_loops_ring,
          gammafunk_ghost_icy

Skill      XL: |  1  2  3  4  5  6  7  8  9 10 11 12 13 |
---------------+----------------------------------------+-----
Axes           | 2 3 4 5 6 7 8 9 11 12 | 12.3
Fighting       | 4 6 7 8 9 10 | 10.0
Invocations    | 1 4 6 10 | 10.0
Dodging        | 1 2 |  2.2
Armour         | 4 5 6 8 9 |  9.0
Shields        | 8 9 10 | 10.9
Throwing       | 1 5 |  5.1

Action                     |  1- 3 |  4- 6 |  7- 9 | 10-12 | 13-15 || total
---------------------------+-------+-------+-------+-------+-------++-------
  Melee: War axe           |    81 |   147 |   243 |   439 |   131 ||  1041
  Throw: Boomerang         |    31 |    71 |    24 |    49 |    26 ||   201
         Javelin           |       |       |       |    77 |    23 ||   100
 Invoke: Heroism           |       |       |    12 |    23 |     4 ||    39
         Finesse           |       |       |       |       |     1 ||     1
    Use: Scroll            |     6 |     8 |     8 |     3 |     1 ||    26
         Potion            |     1 |     1 |       |       |       ||     2
 Armour: Scale mail        |    21 |       |       |       |       ||    21
         Chain mail        |    27 |    89 |    94 |       |       ||   210
         Plate armour      |       |       |    92 |   249 |    52 ||   393
  Dodge: Dodged            |    37 |    50 |   112 |    93 |    59 ||   351
  Block: Buckler           |    12 |    37 |    24 |       |       ||    73
         Kite shield       |       |       |    77 |   217 |    65 ||   359

Table legend:
 A = Non-vault XP
 B = Vault XP
 C = Vault XP percentage of total XP
 D = Non-vault monster count
 E = Vault monster count
 F = Vault count percentage of total count
                 A         B        C        D         E       F
            +---------+---------+-------+---------+---------+-------
      Total |   34044 |    8739 |  20.4 |     265 |      49 |  15.6
            +---------+---------+-------+---------+---------+-------
        D:1 |      17 |       0 |   0.0 |      10 |       0 |   0.0
        D:2 |      20 |       0 |   0.0 |      12 |       0 |   0.0
        D:3 |      72 |       3 |   4.0 |      24 |       2 |   7.7
        D:4 |     237 |     162 |  40.6 |      25 |      12 |  32.4
        D:5 |     582 |       0 |   0.0 |      23 |       0 |   0.0
        D:6 |    1094 |     277 |  20.2 |      21 |       1 |   4.5
        D:7 |    1709 |     154 |   8.3 |      26 |       1 |   3.7
        D:8 |    1757 |    2892 |  62.2 |      19 |       9 |  32.1
     Lair:1 |    4871 |    1044 |  17.7 |      18 |       8 |  30.8
     Lair:2 |    9558 |    1391 |  12.7 |      36 |       2 |   5.3
     Lair:3 |    2275 |    1384 |  37.8 |      11 |       7 |  38.9
     Lair:4 |    6555 |    1432 |  17.9 |      26 |       7 |  21.2
     Lair:5 |    5297 |       0 |   0.0 |      14 |       0 |   0.0
            +---------+---------+-------+---------+---------+-------
